Map: Dusk Towers

Players

LiquidSnute (Snute)

  • Race: Zerg Zerg
  • League: Grandmaster

Lilbow - Winner!

  • Race: Protoss Protoss
  • League: Grandmaster

Event: 2016 WCS Winter Challenger Europe

VOD

Have the link to the VOD?

Description

Time

  • Played on: Feb. 14, 2016, 10:38 a.m.
  • Length: 10:46

All games in this series

Show
View Real Time Build Order
Export as new Build Order

LiquidSnute Zerg 

Build Orders: 3 Hatch before Pool 

Get SALT Encoding   

  12  0:00  Drone  
  13  0:12  Overlord  
  13  0:16  Drone  
  14  0:30  Drone x2  
  14  0:34  Drone  
  17  0:52  Hatchery  
  17  0:54  Drone  
  17  0:57  Drone  
  18  1:17  Hatchery  
  17  1:19  Drone  
  17  1:22  Drone  
  17  1:24  Extractor  
  18  1:36  Spawning Pool  
  17  1:41  Drone  
  17  1:43  Drone  
  19  1:49  Drone  
  20  2:00  Drone  
  21  2:04  Drone  
  22  2:10  Drone  
  22  2:14  Drone  
  24  2:21  Overlord  
  24  2:23  Queen  
  24  2:25  Metabolic Boost  
  26  2:31  Queen  
  28  2:38  Queen  
  28  2:40  Drone  
  28  2:43  Drone  
  32  2:47  Drone x2  
  32  2:49  Drone  
  35  2:52  Drone  
  35  2:54  Overlord  
  35  2:57  Zergling x2  
  37  2:59  Zergling x2  
  37  3:02  Zergling x2  
  37  3:03  Zergling x2  
  40  3:06  Zergling x2  
  40  3:09  Zergling x2  
  42  3:13  Zergling x2  
  42  3:19  Overlord  
  43  3:20  Zergling x2  
  43  3:23  Zergling x2  
  43  3:26  Zergling x2  
  45  3:36  Drone x5  
  45  3:38  Drone x2  
  51  3:47  Drone x6  
  51  3:48  Overlord  
  57  3:52  Overlord  
  57  3:54  Spore Crawler  
  57  3:55  Overlord  
  56  3:57  Drone, Spore Crawler  
  56  4:02  Drone  
  57  4:07  Drone  
  58  4:10  Drone  
  58  4:13  Drone  
  59  4:18  Drone  
  59  4:19  Drone x3  
  59  4:20  Drone  
  59  4:23  Drone x3  
  67  4:25  Roach Warren  
  67  4:26  Drone x3  
  68  4:36  Drone x3  
  68  4:38  Drone, Lair, Extractor  
  68  4:39  Extractor  
  68  4:40  Drone, Extractor  
  68  4:42  Extractor x2  
  62  4:46  Hatchery  
  62  4:49  Drone x4  
  62  4:51  Drone  
  62  4:52  Drone, Evolution Chamber  
  66  4:53  Drone  
  66  4:54  Drone  
  66  4:55  Drone  
  66  4:57  Drone  
  66  4:58  Drone  
  72  5:00  Drone x2  
  73  5:08  Roach x3  
  73  5:13  Overlord  
  79  5:18  Overlord, Zerg Missile Weapons Level 1  
  79  5:24  Overlord  
  79  5:25  Roach  
  79  5:26  Overlord x2  
  81  5:33  Ravager x3  
  81  5:34  Zergling x8  
  81  5:35  Zergling x4  
  90  5:37  Hydralisk Den  
  90  5:40  Queen  
  91  5:44  Glial Reconstitution  
  91  5:50  Ravager  
  91  5:51  Overseer  
  91  5:55  Drone x5  
  91  5:56  Drone  
  98  5:58  Extractor  
  97  6:05  Drone  
  97  6:06  Lurker Den  
  97  6:12  Hydralisk  
  97  6:13  Hydralisk x4  
  97  6:14  Hydralisk  
  108  6:25  Hydralisk x3  
  108  6:26  Hydralisk  
  108  6:29  Overlord  
  120  6:33  Zergling x4  
  120  6:34  Zergling x12  
  120  6:39  Overlord x3  
  122  6:47  Roach x2  
  131  6:59  Roach  
  131  7:00  Roach x2  
  126  7:05  Hydralisk  
  126  7:06  Hydralisk x5  
  138  7:10  Ravager x2  
  138  7:11  Hatchery  
  138  7:12  Zergling x6  
  138  7:13  Zerg Missile Weapons Level 2  
  139  7:19  Zergling x2  
  139  7:20  Zergling x4  
  139  7:21  Hydralisk  
  146  7:27  Infestation Pit  
  145  7:30  Overlord x3  
  145  7:31  Overlord  
  145  7:33  Muscular Augments  
  143  7:37  Hatchery  
  143  7:43  Zergling x6  
  145  7:44  Overlord x2  
  138  8:03  Hydralisk x8  
  153  8:12  Hatchery  
  134  8:38  Hydralisk  
  134  8:39  Hydralisk x11  
  157  8:43  Drone  
  158  8:53  Roach  
  158  8:54  Roach x5  
  170  8:55  Zergling x2  
  170  8:56  Zergling x2  
  170  8:58  Ravager x2  
  174  9:05  Zergling x2  
  174  9:06  Zergling x10  
  174  9:09  Overseer  
  175  9:21  Ravager x4  
  175  9:22  Ravager x2  
  154  9:31  Zergling x10  
  154  9:32  Zergling x10  
  160  9:41  Zergling x14  
  152  10:00  Zergling x14  
  152  10:01  Zergling x2  
  160  10:08  Zergling x2  
  160  10:09  Zergling x8  
  163  10:18  Hydralisk  
  163  10:19  Hydralisk x3  
Show
View Real Time Build Order
Export as new Build Order

Lilbow Protoss - Winner!

Build Orders: Nexus First 

Get SALT Encoding   

  12  0:00  Probe (Chrono Boost)  
  13  0:11  Probe (Chrono Boost)  
  14  0:17  Pylon  
  14  0:22  Probe (Chrono Boost)  
  15  0:35  Probe (Chrono Boost)  
  16  0:46  Probe (Chrono Boost)  
  17  0:57  Nexus  
  17  1:07  Gateway  
  17  1:10  Probe (Chrono Boost)  
  18  1:15  Assimilator  
  18  1:20  Probe (Chrono Boost)  
  18  1:23  Assimilator  
  19  1:31  Probe (Chrono Boost)  
  20  1:36  Gateway  
  20  1:41  Probe (Chrono Boost)  
  21  1:52  Probe (Chrono Boost)  
  22  1:55  Cybernetics Core  
  22  2:02  Probe (Chrono Boost)  
  23  2:09  Probe (Chrono Boost)  
  23  2:13  Probe (Chrono Boost)  
  25  2:20  Probe (Chrono Boost)  
  26  2:24  Probe (Chrono Boost)  
  27  2:30  Probe (Chrono Boost)  
  27  2:32  Adept x2, Warp Gate (Chrono Boost)  
  27  2:34  Probe (Chrono Boost)  
  33  2:40  Pylon  
  33  2:41  Probe (Chrono Boost)  
  34  2:45  Probe (Chrono Boost)  
  35  2:51  Probe (Chrono Boost)  
  35  2:55  Probe (Chrono Boost)  
  37  2:59  Sentry x2  
  37  3:02  Probe (Chrono Boost)  
  42  3:06  Probe (Chrono Boost)  
  42  3:08  Pylon  
  44  3:12  Probe (Chrono Boost)  
  44  3:17  Mothership Core (Chrono Boost)  
  46  3:26  Probe (Chrono Boost)  
  47  3:27  Nexus  
  47  3:35  Probe (Chrono Boost)  
  47  3:36  Probe (Chrono Boost)  
  49  3:45  Probe (Chrono Boost)  
  49  3:46  Pylon, Sentry  
  49  3:47  Probe (Chrono Boost)  
  53  3:55  Pylon  
  53  3:57  Probe, Pylon  
  54  4:04  Probe  
  54  4:09  Probe  
  52  4:10  Pylon, Forge  
  52  4:12  Twilight Council  
  52  4:17  Probe  
  53  4:20  Assimilator  
  53  4:21  Probe  
  53  4:23  Pylon  
  54  4:24  Assimilator  
  54  4:29  Probe  
  55  4:33  Probe  
  55  4:36  Stalker x2  
  58  4:40  Probe  
  58  4:41  Probe, Blink (Chrono Boost)  
  58  4:44  Protoss Ground Weapons Level 1  
  58  4:45  Probe  
  61  4:52  Probe, Gateway  
  62  4:53  Probe  
  62  4:54  Gateway  
  62  4:56  Gateway  
  62  4:57  Probe  
  64  5:04  Probe (Chrono Boost)  
  64  5:06  Probe (Chrono Boost)  
  66  5:09  Probe (Chrono Boost), Assimilator  
  66  5:10  Stalker x2  
  71  5:16  Probe (Chrono Boost)  
  71  5:19  Probe (Chrono Boost)  
  71  5:20  Probe (Chrono Boost)  
  74  5:23  Gateway  
  74  5:26  Probe (Chrono Boost), Gateway  
  75  5:31  Probe (Chrono Boost)  
  75  5:33  Pylon, Stalker  
  75  5:34  Stalker  
  80  5:45  Pylon  
  80  5:47  Robotics Facility  
  80  5:49  Stalker  
  82  5:50  Stalker  
  82  5:51  Stalker  
  82  5:55  Probe x2 (Chrono Boost)  
  82  5:56  Probe (Chrono Boost), Assimilator  
  89  5:58  Stalker x2, Pylon  
  93  6:06  Pylon  
  93  6:14  Zealot  
  93  6:16  Stalker x2  
  99  6:21  Stalker x2  
  99  6:22  Stalker x2  
  107  6:27  Pylon  
  107  6:35  Stalker  
  107  6:37  Observer (Chrono Boost)  
  110  6:40  Stalker x2  
  114  6:49  Stalker  
  114  6:50  Stalker x3  
  122  6:56  Warp Prism (Chrono Boost)  
  124  7:04  Robotics Facility, Robotics Bay  
  124  7:06  Pylon  
  124  7:08  Pylon x2  
  124  7:22  Pylon  
  124  7:24  Pylon  
  124  7:33  Stalker x4  
  124  7:34  Stalker x3  
  138  7:38  Gateway  
  138  7:39  Protoss Ground Weapons Level 2 (Chrono Boost)  
  138  7:41  Gateway  
  138  7:53  Nexus  
  130  8:01  Disruptor x2 (Chrono Boost)  
  130  8:03  Zealot x4  
  144  8:06  Pylon  
  140  8:31  Disruptor x2 (Chrono Boost)  
  144  8:37  Stalker x2  
  144  8:38  Stalker x5  
  156  8:42  Photon Cannon  
  156  8:43  Photon Cannon  
  156  8:45  Photon Cannon  
  156  9:03  Stalker x5  
  156  9:04  Stalker x2  
  156  9:05  Stalker  
  156  9:09  Stalker  
  164  9:40  Stalker x3  
  164  9:41  Stalker x6  
  172  10:03  Stalker x2  
  172  10:04  Stalker x7  
  163  10:40  Stalker x4  
  163  10:41  Stalker x5  
Tags
 
Add a new tag
Caveats
  • Supply blocks, unpowered buildings, or Contaminate may cause inaccurate times.
  • Supply counts are checked every 10 seconds.